 Dungeon Crawl Stone Soup version 0.26-a0-190-g75a3d40d47 (console) character file.

Game seed: 1249546851857988629

28 bli the Skirmisher (level 2, -1/26 HPs)
             Began as a Draconian Monk on July 4, 2020.
             Slain by a hobgoblin
             ... wielding a +0 club
             ... led by Robin
              (4 damage)
             ... on level 1 of the Dungeon.
             The game lasted 00:02:16 (778 turns).

bli the Skirmisher (Draconian Monk)                  Turns: 778, Time: 00:02:17

Health: -1/26      AC:  5    Str: 13    XL:     2   Next: 96%
Magic:  2/2        EV: 13    Int: 10    God:
Gold:   20         SH:  0    Dex: 13    Spells: 1/1 levels left

rFire    . . .     SeeInvis .   a - +0 falchion
rCold    . . .     Faith    .   (no shield)
rNeg     . . .     Spirit   .   (armour unavailable)
rPois    .         Reflect  .   (helmet restricted)
rElec    .         Harm     .   d - +0 cloak
rCorr    .                      (no gloves)
MR       .....                  (no boots)
Stlth    ++........             (no amulet)
HPRegen  0.08/turn              (no ring)
MPRegen  0.08/turn              (no ring)

@: no status effects
A: unfitting armour, cold-blooded, AC +4
a: no special abilities


You were on level 1 of the Dungeon.
You were not hungry.

You visited 1 branch of the dungeon, and saw 2 of its levels.

You collected 20 gold pieces.

Inventory:

Hand Weapons
 a - a +0 falchion (weapon)
Missiles
 c - 10 poisoned darts (quivered)
 g - 20 stones
 h - 27 arrows
Armour
 d - a +0 cloak (worn)
Scrolls
 e - a scroll of teleportation {unknown}
Comestibles
 b - 2 rations
 f - a chunk of flesh


   Skills:
 + Level 3.6 Fighting
 * Level 3.5 Long Blades
 + Level 3.1 Dodging
 + Level 1.9 Stealth


You had one spell level left.
You didn't know any spells.
Your spell library was empty.

Dungeon Overview and Level Annotations

Branches:
Dungeon (2/15)

Altars:

Annotations:
D:2 Robin


Innate Abilities, Weirdness & Mutations

Your plain brown scales are hard. (AC +4)
You cannot fit into any form of body armour.
You are cold-blooded and may be slowed by cold attacks.


Message History

The hobgoblin is lightly wounded.
The goblin unwields a +0 hunting sling.
The goblin hits you.
The goblin wields a +0 hunting sling.
The goblin shoots a stone.
The stone closely misses you. The hobgoblin closely misses you.
You barely miss the hobgoblin.
The hobgoblin is lightly wounded.
The goblin hits something with a +0 dagger.
The hobgoblin hits you but does no damage.
You closely miss the hobgoblin.
The hobgoblin is lightly wounded.
The goblin hits something but does no damage.
The goblin shoots a stone.
The stone hits you.
* * * LOW HITPOINT WARNING * * *
You hit the hobgoblin.
The hobgoblin is severely wounded.
The hobgoblin misses you.
You barely miss the hobgoblin.
Your tail-slap misses the hobgoblin.
The hobgoblin is severely wounded.
The hobgoblin hits you with a +0 club.
You die...

≈≈P♣.# ##### ##... PPP#.# ##...##
###..#. ≈≈≈#.#####..♣..## #...###
≈≈P#.##....♣≈≈..######### #.###
≈≈≈♣....≈♣≈♣P≈♣.........###.# ##
≈≈≈♣≈##P♣≈≈P≈PP♣#(..........# #.
≈≈≈♣♣≈≈♣♣≈≈≈P≈PP#...(....#######.
≈P≈♣♣♣♣♣♣≈≈≈P≈P♣#........##......
≈P≈P♣♣♣P≈≈≈≈≈≈≈≈#.g.........##...
)≈≈≈≈≈≈≈≈≈≈≈P≈P♣#gg.....#......##
≈≈≈≈≈≈≈≈≈≈≈≈≈≈♣.@######........##
........................>.##....#
≈≈≈≈≈≈≈≈≈≈≈P≈≈P..#######.###.##..
≈≈≈≈≈≈≈≈≈≈≈≈P≈♣######....# #.####
≈≈P≈P≈≈≈≈≈P≈≈♣#####...######+####
≈≈≈≈≈≈≈≈≈≈P♣≈.............##.##.#
P≈P≈≈≈≈≈≈♣♣♣.###.##########...#.#
.≈≈≈≈≈P♣♣♣♣..# #.# #...#.#
..♣≈≈≈≈♣♣♣..####.#### #...#..
#..P≈♣♣♣...## #....^# ##...###
##..♣♣♣..### #.###.######..⌠..##


You could see a hobgoblin and 2 goblins.

Vanquished Creatures
  2 dart slugs (D:1)
  A ball python (D:2)
  2 giant cockroaches (D:1)
  6 goblins
  2 hobgoblins
  2 kobolds (D:1)
  4 bats
  3 rats
22 creatures vanquished.

Notes
Turn   | Place    | Note
-------+----------+-------------------------------------------
     0 | D:1      | bli the Draconian Monk began the quest for the Orb.
     0 | D:1      | Reached XP level 1. HP: 19/19 MP: 1/1
   222 | D:1      | Reached XP level 2. HP: 24/26 MP: 2/2
   738 | D:2      | Noticed Robin
   778 | D:1      | Slain by a hobgoblin

Illustrated notes

Levels and vault maps discovered:
D:1:      evilmike_arrival_plus, layout_rooms, serial_bayou_lagoon_b
D:2:      layout_loops_corners, fedhas_altar_3, kennysheep_another_room,
          uniq_robin

Skill      XL: |  1  2 |
---------------+-------+-----
Dodging        | 3 |  3.1
Fighting       | |  3.6
Long Blades    | |  3.5
Stealth        | |  1.9

Action                   || total
-------------------------++-------
Melee: Falchion          ||    67
       Tailslap          ||    10
 Stab: Sleeping          ||     2
Armor: Skin              ||    31
Dodge: Dodged            ||    52
       Rpst.: Falchion   ||    12

Table legend:
 A = Non-vault XP
 B = Vault XP
 C = Vault XP percentage of total XP
 D = Non-vault monster count
 E = Vault monster count
 F = Vault count percentage of total count
                 A         B        C        D         E       F
            +---------+---------+-------+---------+---------+-------
      Total |      34 |       6 |  15.0 |      18 |       4 |  18.2
            +---------+---------+-------+---------+---------+-------
        D:1 |      29 |       0 |   0.0 |      15 |       0 |   0.0
        D:2 |       5 |       6 |  54.5 |       3 |       4 |  57.1
            +---------+---------+-------+---------+---------+-------
